 Dungeon Crawl Stone Soup version 0.23.0-42-geed6394480 (webtiles) character file.

Game seed: 3749756774160473247

136 Kisielow the Cudgeler (level 5, -1/32 HPs)
             Began as a Gargoyle Fighter on Feb 28, 2019.
             Slain by an orc warrior
             ... wielding a +0 battleaxe
              (4 damage)
             ... on level 3 of the Dungeon.
             The game lasted 00:03:28 (1665 turns).

Kisielow the Cudgeler (Gargoyle Fighter)            Turns: 1665, Time: 00:03:28

Health: -1/32      AC: 19    Str: 25    XL:     5   Next: 19%
Magic:  5/5        EV:  4    Int: 12    God:
Gold:   49         SH:  9    Dex:  9    Spells: 4/4 levels left

rFire    . . .     SeeInvis .   a - +0 flail
rCold    . . .     Gourm    .   c - +0 shield
rNeg     + . .     Faith    .   o - +0 plate armour
rPois    ∞         Spirit   .   j - +2 helmet {Int+3}
rElec    +         Reflect  .   h - +0 cloak
rCorr    .         Harm     .   (no gloves)
MR       .....                  (no boots)
Stlth    ..........             (no amulet)
HPRegen  0.10/turn              n - ring of flight
MPRegen  0.09/turn              (no ring)

@: mighty, hasted, very quick
A: negative energy resistance 1, electricity resistance, unbreathing,
petrification resistance, rot immunity, AC +4
a: Evoke Flight


You were on level 3 of the Dungeon.
You were not hungry.

You visited 1 branch of the dungeon, and saw 3 of its levels.

You collected 49 gold pieces.

Inventory:

Hand Weapons
 a - a +0 flail (weapon)
Armour
 c - a +0 shield (worn)
 h - a +0 cloak (worn)
 j - a +2 helmet of intelligence (worn)
 o - a +0 plate armour (worn)
Jewellery
 n - a ring of flight (left hand)
Wands
 r - a wand of scattershot (6)
Scrolls
 b - a scroll of enchant armour {unknown}
 g - a scroll of fog {unknown}
 i - 4 scrolls of remove curse {unknown}
 k - 2 scrolls of amnesia {unknown}
 l - 2 scrolls of identify {unknown}
 m - a scroll of random uselessness {unknown}
 p - a scroll of immolation {unknown}
Potions
 e - 2 potions of haste
Comestibles
 f - 5 rations
 q - 7 chunks of flesh


   Skills:
 + Level 3.3 Fighting
 * Level 5.1 Maces & Flails
 + Level 3.3 Armour
 + Level 3.3 Shields


You had 4 spell levels left.
You didn't know any spells.
Your spell library was empty.

Dungeon Overview and Level Annotations

Branches:
Dungeon (3/15)

Altars:
Sif Muna


Innate Abilities, Weirdness & Mutations

You are resistant to torment.
Your stone body is resilient. (AC +4)
You are immune to poison.
You resist negative energy. (rN+)
You are resistant to electric shocks. (rElec)
You can survive without breathing.
You are immune to petrification.
You are immune to rotting.


Message History

You barely miss the orc warrior.
The orc warrior is lightly wounded.
Something hits you but does no damage.
It was a potion of haste.
You feel yourself speed up. The orc warrior barely misses you.
Something hits you.
* * * LOW HITPOINT WARNING * * *
You closely miss the orc warrior.
The orc warrior is lightly wounded.
You block the orc warrior's attack.
You hear some strange, mumbled words.
A magic dart appears from out of thin air!
The magic dart hits you but does no damage.
You sock the orc warrior!
The orc warrior is heavily wounded.
Things that are here:
2 tomahawks; a +0 spear; a gnoll corpse You hit the orc warrior.
The orc warrior is severely wounded.
The orc warrior hits you with a +0 battleaxe.
You die...

..÷.###.#######.#####
###.# #.......#.. ..#
#.#
#######.#####.#######
#.# #.# #.........
... #.# #.........
... #.# #.........
.... #.# #.........
#.... #.#####(#
#...@o..# ######r.#
#.r.# #..## #..# #..#
#... ##.. ...


You could see an orc warrior and a quokka.

Vanquished Creatures
  Ijyb (D:3)
  An adder (D:2)
  4 gnolls (D:3)
  A worm (D:2)
  3 dart slugs
  4 leopard geckos
  An orc (D:3)
  A ball python (D:3)
  5 bats
  6 giant cockroaches
  A goblin (D:2)
  6 hobgoblins
  4 jackals (D:3)
  2 frilled lizards (D:1)
  3 kobolds
  5 rats
48 creatures vanquished.

Vanquished Creatures (others)
  An orc wizard (D:3)
1 creature vanquished.

Grand Total: 49 creatures vanquished

Notes
Turn   | Place    | Note
-------+----------+-------------------------------------------
     0 | D:1      | Kisielow the Gargoyle Fighter began the quest for the Orb.
     0 | D:1      | Reached XP level 1. HP: 14/14 MP: 1/1
   154 | D:1      | Reached XP level 2. HP: 19/19 MP: 2/2
   250 | D:1      | Reached skill level 3 in Maces & Flails
   790 | D:2      | Reached XP level 3. HP: 23/23 MP: 3/3
  1255 | D:2      | Reached skill level 4 in Maces & Flails
  1410 | D:3      | Noticed Ijyb
  1411 | D:3      | Found a deep blue altar of Sif Muna.
  1417 | D:3      | Reached XP level 4. HP: 28/28 MP: 4/4
  1443 | D:3      | Killed Ijyb
  1633 | D:3      | Reached skill level 5 in Maces & Flails
  1633 | D:3      | Reached XP level 5. HP: 31/32 MP: 5/5
  1636 | D:3      | Noticed an orc warrior
  1665 | D:3      | Slain by an orc warrior

Skill      XL: |  1  2  3  4 |
---------------+-------------+-----
Maces & Flails | 3 4 5 |  5.1
Fighting       | |  3.3
Armour         | |  3.3
Shields        | |  3.3

Action                   |  1- 3 |  4- 6 || total
-------------------------+-------+-------++-------
Melee: Flail             |   159 |   125 ||   284
  Use: Potion            |       |     2 ||     2
  Eat: Chunk             |     2 |     1 ||     3
Armor: Scale mail        |    97 |       ||    97
       Plate armour      |    14 |   119 ||   133
Dodge: Dodged            |    58 |    14 ||    72
Block: Shield            |    94 |    70 ||   164
